 Dungeon Crawl Stone Soup version 0.19-a0-1899-g2d93087 (webtiles) character file.

248 Lochraine the Stinger (level 6, -1/49 HPs)
             Began as a Naga Venom Mage on Oct 19, 2016.
             Was an Initiate of Cheibriados.
             Slain by poirepourri's ghost (3 damage)
             ... on level 4 of the Dungeon.
             The game lasted 00:18:56 (4383 turns).

Lochraine the Stinger (Naga Venom Mage)             Turns: 4383, Time: 00:18:57

Health: -1/49      AC:  3    Str: 11    XL:     6   Next: 12%
Magic:  7/10       EV:  9    Int: 24    God:    Cheibriados [......]
Gold:   110        SH:  4    Dex: 12    Spells: 2 memorised, 7 levels left

rFire  . . .     SeeInvis +     d - +0 whip
rCold  . . .     Gourm    .     a - +0 robe
rNeg   . . .     Faith    .     q - +1 buckler
rPois  +         Spirit   .     (no helmet)
rElec  .         Reflect  .     (no cloak)
rCorr  .         Harm     .     (no gloves)
MR     .....                    (no barding)
Stlth  ++........               (no amulet)
                                (no ring)
                                (no ring)

@: brilliant, very slow
A: see invisible, deformed body, poison resistance, slowness 2, slow metabolism
1, spit poison 1, AC +2
a: Spit Poison, Bend Time, Renounce Religion


You were on level 4 of the Dungeon.
You worshipped Cheibriados.
Cheibriados was noncommittal.
You were very hungry.

You visited 1 branch of the dungeon, and saw 4 of its levels.

You collected 110 gold pieces.

Inventory:

Hand Weapons
 d - a +0 whip (weapon)
Armour
 a - a +0 robe (worn)
 q - a +1 buckler (worn)
Wands
 g - a wand of slowing (48/48)
Scrolls
 f - 2 scrolls of identify
 i - a scroll of remove curse
 l - a scroll of random uselessness
Potions
 j - 2 potions of curing
Books
 b - a Young Poisoner's Handbook

   Spells                             Type                      Level
   a - Sting                          Conjuration/Poison           1
   b - Mephitic Cloud                 Conjuration/Poison/Air       3
   c - Olgreb's Toxic Radiance        Poison                       4
   d - Alistair's Intoxication        Transmutation/Poison         5
   e - Venom Bolt                     Conjuration/Poison           5
Comestibles
 c - 4 bread rations
 k - 2 meat rations
 m - 2 fruits


   Skills:
 - Level 0.2 Fighting
 - Level 1.5 Dodging
 - Level 3.6 Stealth
 - Level 3.1 Spellcasting
 + Level 3.7 Conjurations
 + Level 1.4 Air Magic
 - Level 6.2 Poison Magic


You had 7 spell levels left.
You knew the following spells:

 Your Spells              Type           Power        Failure   Level  Hunger
a - Sting                 Conj/Pois      ####         1%          1    None
b - Mephitic Cloud        Conj/Pois/Air  #####...     1%          3    ###....


Dungeon Overview and Level Annotations

Branches:
Dungeon (4/15)             Temple (0/1) D:4

Altars:
Cheibriados

Annotations:
D:4 poirepourri's ghost, amateur OgBe


Innate Abilities, Weirdness & Mutations

You cannot wear boots.
Your serpentine skin is tough. (AC +2)
You have supernaturally acute eyesight. (SInv)
Armour fits poorly on your strangely shaped body.
Your system is resistant to poisons. (rPois)
You cover ground very slowly.
You have a slow metabolism.
You can spit poison.


Message History

Poirepourri's ghost hits you.
You feel much better. Poirepourri's ghost hits you!
You closely miss poirepourri's ghost.
Poirepourri's ghost is lightly damaged.
Poirepourri's ghost stares at you. Poirepourri's ghost hits you!
* * * LOW HITPOINT WARNING * * *
You are too injured to fight recklessly!
Poirepourri's ghost barely misses you. The flow of time bends around you.
Poirepourri's ghost resists with some effort.
You feel slightly more hungry. Poirepourri's ghost hits you!
* * * LOW HITPOINT WARNING * * *
Okay, then.
Okay, then.
Okay, then.
Unknown command.
Poirepourri's ghost completely misses you.
Poirepourri's ghost hits you.
You die...

#.# #.......,,,,.... #.#
*W.##...,,,,*,,* #######.#
######.>.....,,,,..,,
##.......###.......#*,**##,*#..#
#..................#*,,,,.,,....
#.##########.......#*,***#.*#..#
#.# #.......##.####.##..*
#.###############..............,
#.............W@..............##
#######.######.................†
#.######.....##.#######.##
#.....##.....#*,* #####)#
#####.....##.....#*,* #....##
#...#.....##.....#*,* #....#
#...#.###.##.....#*,###.Wo.###
#...#.....##.....#*.#.........
#...#..##.##.....#*.#......###


You could see poirepourri's ghost.

Vanquished Creatures
  A centaur (D:4)
  A hound (D:4)
  2 gnolls (D:3)
  4 adders
  An ooze (D:4)
  A worm (D:2)
  4 dart slugs
  2 leopard geckos (D:1)
  3 orcs
  A ball python (D:3)
  2 giant cockroaches
  5 hobgoblins
  5 kobolds
  4 quokkas
  4 bats
  10 frilled lizards
  3 goblins
  A jackal skeleton (D:4)
  12 rats
66 creatures vanquished.

Vanquished Creatures (collateral kills)
  An orc (D:4)
1 creature vanquished.

Grand Total: 67 creatures vanquished

Notes
Turn   | Place    | Note
-------+----------+-------------------------------------------
     0 | D:1      | Lochraine the Naga Venom Mage began the quest for the Orb.
     0 | D:1      | Reached XP level 1. HP: 15/15 MP: 3/3
   353 | D:1      | Reached XP level 2. HP: 22/22 MP: 3/5
   764 | D:1      | Reached skill level 6 in Poison Magic
  1162 | D:2      | Reached XP level 3. HP: 11/28 MP: 3/6
  1184 | D:2      | Learned a level 3 spell: Mephitic Cloud
  1790 | D:2      | Reached skill level 1 in Air Magic
  2217 | D:2      | Found a faded altar of an unknown god.
  2544 | D:2      | Reached XP level 4. HP: 35/36 MP: 4/7
  2828 | D:3      | Reached skill level 1 in Conjurations
  3383 | D:3      | Found a snail-covered altar of Cheibriados.
  3526 | D:3      | Became a worshipper of Cheibriados the Contemplative
  3623 | D:4      | Reached XP level 5. HP: 24/42 MP: 0/9
  3737 | D:4      | Noticed a phantom
  3785 | D:4      | Noticed a centaur
  3800 | D:4      | Killed a centaur
  3972 | D:4      | Reached XP level 6. HP: 29/49 MP: 4/10
  4167 | D:4      | Noticed poirepourri's ghost (amateur OgBe)
  4381 | D:4      | HP: 2/49 [poirepourri's ghost (10)]
  4383 | D:4      | Slain by poirepourri's ghost

Vault maps used:
D:1:      dpeg_arrival_ratfight
D:2:      ecumenical_altar_1, st_stairs_1, kennysheep_generic_room_2
D:3:      cheibriados_altar_wand_db
D:4:      kennysheep_mini_moat, minmay_overflow_temple_star_quad, first_bread,
          uniq_blork_the_orc, uniq_robin

Skill      XL: |  1  2  3  4  5 |
---------------+----------------+-----
Poison Magic   | 6 |  6.2
Air Magic      | 1 |  1.4
Conjurations   | 1 3 |  3.7
Spellcasting   | 3 |  3.1
Fighting       | |  0.2
Dodging        | |  1.5
Stealth        | |  3.6

Action                   |  1- 3 |  4- 6 || total
-------------------------+-------+-------++-------
Melee: Whip              |    95 |    77 ||   172
 Cast: Sting             |    21 |    56 ||    77
       Mephitic Cloud    |       |     2 ||     2
Invok: Bend Time         |       |     2 ||     2
 Abil: Spit Poison       |     7 |    10 ||    17
Evoke: Wand              |       |     1 ||     1
  Use: Scroll            |     4 |     4 ||     8
       Potion            |       |     3 ||     3
 Stab: Sleeping          |     5 |     1 ||     6
  Eat: Chunk             |     4 |     5 ||     9
Armor: Robe              |    14 |    12 ||    26
Dodge: Dodged            |    55 |    52 ||   107
Block: Buckler           |       |     8 ||     8
